 Dungeon Crawl Stone Soup version 0.14-a0-3247-g5fd345f (webtiles) character file.

4491 4tharraofdagon the Nimble (level 10, -2/108 HPs)
             Began as a Halfling Wanderer on Mar 12, 2014.
             Was a High Priest of Makhleb.
             Slain by an orc warrior
             ... wielding a +0,+0 long sword
              (19 damage)
             ... on Level 9 of the Dungeon.
             The game lasted 00:33:09 (5033 turns).

4tharraofdagon the Nimble (Halfling Wanderer)       Turns: 5033, Time: 00:33:09

HP  -2/108       AC 25     Str 12      XL: 10   Next: 52%
MP  19/19        EV  1     Int 13      God: Makhleb [*****.]
Gold 347         SH  0     Dex 16      Spells:  0 memorised,  9 levels left

rFire  . . .     SeeInvis .     N - +2,+3 quarterstaff (chaos)
rCold  . . .     Clarity  .     D - melded +7 plate armour of the Present {+Fly}
rNeg   + + +     Conserve .     (no shield)
rPois  +         rCorr    .     (no helmet)
rElec  .         rRot     .     O - melded +2 cloak
SustAb . .       Spirit   .     (gloves currently unavailable)
rMut   .         Warding  .     (boots currently unavailable)
Saprov . . .     NoTele   +     (no amulet)
MR     .....                    J - +5 ring of evasion
                                c - ring of poison resistance

@: tree-form (expiring), not resistant to hostile enchantments, unstealthy
A: mutation resistance 1, slow metabolism 1
a: End Transformation, Minor Destruction, Lesser Servant of Makhleb, Major
Destruction, Greater Servant of Makhleb, Renounce Religion


You were on level 9 of the Dungeon.
You worshipped Makhleb.
Makhleb was extremely pleased with you.
You were not hungry.
You were an animated tree.
You visited 1 branch of the dungeon, and saw 10 of its levels.

You collected 347 gold pieces.

Inventory:

Hand weapons
 a - a +2,+3 crossbow
 b - a +0,+0 mace
 l - a +2,+0 whip of venom
 n - a +0,+2 crossbow
 y - a +2 blowgun
 z - a +2,+1 whip of freezing
 B - a +2,+1 bow of velocity
 N - a +2,+3 quarterstaff of chaos (weapon)
Missiles
 d - 29 bolts
 x - 2 poisoned needles
 R - a throwing net (quivered)
Armour
 D - the cursed +7 plate armour of the Present (melded) {+Fly}
   (You found it on level 9 of the Dungeon)

   It lets you fly.
   It has a curse placed upon it.
 O - a +2 cloak (melded)
Magical devices
 m - a wand of enslavement (12)
 r - a wand of heal wounds (4)
 u - a wand of flame (2)
 v - a wand of cold (3)
 H - a wand of random effects (17) {unknown}
Comestibles
 f - 5 bread rations
 o - a choko
 F - a pear
 G - an orange
 I - an apple
 Q - a meat ration
Scrolls
 e - 6 scrolls of remove curse
 g - 2 scrolls of fear {unknown}
 h - 2 scrolls of teleportation
 i - 2 scrolls of recharging
 p - a scroll of blinking {unknown}
 s - a scroll of enchant weapon II {unknown}
 M - a scroll of immolation {unknown}
Jewellery
 c - a ring of poison resistance (left branch)
 w - an uncursed ring of hunger
 J - a +5 ring of evasion (right branch)
Potions
 j - a potion of confusion
 k - a potion of flight
 q - 2 potions of heal wounds
 t - 2 potions of haste
 A - a potion of restore abilities
 C - 5 potions of curing
 E - 3 potions of degeneration {unknown}
 K - a potion of lignification
Books
 L - a book of Enchantments

   Spells                             Type                      Level
   Cause Fear                         Hexes                        4
   Silence                            Hexes/Air                    5
   Tukima's Dance                     Hexes                        5
   Deflect Missiles                   Charms/Air                   6
   Haste                              Charms                       6
   Discord                            Hexes                        8
 P - a book of Dreams

   Spells                             Type                      Level
   Ensorcelled Hibernation            Hexes/Ice                    2
   Flight                             Charms/Air                   3
   Phase Shift                        Translocation                5
   Shadow Creatures                   Summoning                    5
   Mass Confusion                     Hexes                        6
   Darkness                           Hexes                        7


   Skills:
 + Level 8.0 Fighting
 * Level 1.7 Staves
 - Level 1.0 Crossbows
 + Level 5.7 Armour
 + Level 8.3 Dodging
   Level 2.1 Shields
   Level 3.2 Air Magic
 + Level 5.0 Invocations
 + Level 5.9 Evocations


You had 9 spell levels left.
You didn't know any spells.

Dungeon Overview and Level Annotations

Branches:
Dungeon (10/15)            Temple (0/1) D:7             Orc (0/4) D:9
   Lair: D:8-11

Altars:
Makhleb
Sif Muna
Trog
Xom

Portals:
Trove: D:10 (give +4,+4 demon whip)


Innate Abilities, Weirdness & Mutations

You are small and have problems with some larger weapons.
You are somewhat resistant to further mutation.
You have a slow metabolism.


Message History

The orc warrior hits you with a long sword!
The orc warrior hits you with a long sword.
* * * LOW HITPOINT WARNING * * *
Unknown command.
You closely miss the orc warrior.
The orc warrior is severely wounded.
The orc warrior hits you with a long sword!
* * * LOW HITPOINT WARNING * * *
The orc priest mumbles some strange prayers to Beogh against you.
Something smites you!
* * * LOW HITPOINT WARNING * * *
Evoke which item? (* to show all) (? for menu, Esc to quit)
Zapping:
r - a wand of heal wounds (5)
Press: ? - help, Shift-Dir - straight line, f - you You feel much better.
This wand has 4 charges left.
The orc warrior hits you with a long sword!
* * * LOW HITPOINT WARNING * * *
The orc priest glows brightly for a moment.
The orc warrior hits you with a long sword!
You die...

#########.#####.####....
#...............# #....
#.#######....##.# #....
#.# ###....#### #....
#.# #.'.......# #....
#.# #.#....##.# #...#
#.# #.#....# # #...# #.#
#.#....# #...# #.#
#♣###### +...+ #.# #o###
#...# ##.#####z#.. .....
#......#o#.# ## #####
##.###.#o#.# ...
######)#z#.# .....
#........#.# .zz...
##.###.###.##zz....
#....pz.#.......


You could see an orc warrior (berserk), an orc priest, an orc, a hobgoblin
skeleton and an orc skeleton.

Vanquished Creatures
  Pikel (D:7)
  2 hungry ghosts
  A yak (D:10)
  A hippogriff (D:8)
  2 orc warriors (D:6)
  A water moccasin (D:8)
  A necrophage (D:8)
  2 ice beasts
  2 phantoms
  A black bear (D:9)
  2 slaves (D:7)
  3 sky beasts
  The ghost of sohrabkorkchi the Chopper, an average HuGl (D:5)
  2 centaurs
  2 ogres
  2 big kobolds (D:7)
  Blork the orc (D:8)
  4 giant frogs
  An eye of draining (D:9)
  5 wights (D:9)
  3 goliath beetles
  3 crimson imps
  A centaur zombie (D:8)
  A hound (D:6)
  Crazy Yiuf (D:4)
  3 orc priests
  A two-headed ogre skeleton (D:8)
  A jelly (D:8)
  An iguana (D:7)
  A giant frog skeleton (D:7)
  6 worker ants
  3 ogre zombies (D:9)
  Ijyb (D:3)
  An ogre skeleton (D:7)
  A worker ant zombie (D:9)
  8 orc zombies
  4 adders
  2 green rats (D:10)
  2 shadow imps (D:8)
  2 giant mites
  4 worms
  An inept feature mimic (D:9)
  An adder zombie (D:7)
  A giant eyeball (D:7)
  3 giant geckos
  26 orcs
  12 bats
  3 giant cockroaches
  11 goblins
  15 hobgoblins
  A quokka (D:2)
  2 giant newts
  A goblin skeleton (D:9)
  2 goblin zombies (D:9)
  16 jackals
  11 kobolds
  A kobold zombie (D:8)
  An orc skeleton (D:8)
  A quokka zombie (D:7)
  22 rats
  A rat skeleton (D:4)
  A ballistomycete (D:6)
  A bush (D:7)
221 creatures vanquished.

Vanquished Creatures (collateral kills)
  A jackal (D:7)
  2 kobolds (D:7)
3 creatures vanquished.

Vanquished Creatures (others)
  A giant spore (D:6)
  A fungus (D:10)
  A plant (D:10)
3 creatures vanquished.

Grand Total: 227 creatures vanquished

Notes
Turn   | Place    | Note
--------------------------------------------------------------
     0 | D:1      | 4tharraofdagon, the Halfling Wanderer, began the quest for the Orb.
     0 | D:1      | Reached XP level 1. HP: 16/16 MP: 2/2
    89 | D:1      | Reached XP level 2. HP: 22/22 MP: 3/3
    96 | D:1      | Reached skill level 4 in Fighting
   446 | D:2      | Reached XP level 3. HP: 25/27 MP: 4/4
   567 | D:2      | Found a deep blue altar of Sif Muna.
   802 | D:3      | Noticed a phantom
   851 | D:3      | Noticed Ijyb
   867 | D:3      | Killed a phantom
   867 | D:3      | Reached skill level 1 in Armour
   867 | D:3      | Reached XP level 4. HP: 24/34 MP: 5/5
   867 | D:3      | Reached XP level 5. HP: 26/38 MP: 6/6
   868 | D:3      | Killed Ijyb
   868 | D:3      | Reached skill level 5 in Fighting
  1172 | D:5      | Entered Level 5 of the Dungeon
  1317 | D:6      | Noticed an orc warrior
  1357 | D:7      | Reached XP level 6. HP: 33/45 MP: 7/7
  1437 | D:7      | Found a burning altar of Makhleb.
  1474 | D:7      | Became a worshipper of Makhleb the Destroyer
  1590 | D:7      | Reached XP level 7. HP: 10/50 MP: 8/8
  1626 | D:7      | Found a staircase to the Ecumenical Temple.
  1628 | D:7      | Paralysed by a giant eyeball for 3 turns
  1818 | D:7      | Noticed an ogre
  1823 | D:7      | Killed an ogre
  1823 | D:7      | Reached skill level 6 in Fighting
  1823 | D:7      | Reached skill level 5 in Dodging
  1826 | D:7      | Acquired Makhleb's first power
  1876 | D:7      | Noticed a sky beast
  1893 | D:7      | Noticed a slave
  1894 | D:7      | Noticed a slave
  2045 | D:8      | Noticed a slime creature
  2045 | D:8      | Noticed a slime creature
  2045 | D:8      | Noticed a slime creature
  2045 | D:8      | Noticed a slime creature
  2045 | D:8      | Noticed a slime creature
  2046 | D:8      | OMFG
  2089 | D:8      | Reached XP level 8. HP: 42/57 MP: 9/9
  2300 | D:9      | Got a fine plate armour
  2316 | D:9      | Identified the cursed +7 plate armour of the Present {+Fly} (You found it on level 9 of the Dungeon)
  2384 | D:9      | Reached skill level 1 in Evocations
  2417 | D:9      | Reached skill level 1 in Invocations
  2469 | D:9      | Noticed a hungry ghost
  2529 | D:10     | Entered Level 10 of the Dungeon
  2551 | D:10     | Found a portal to a secret trove of treasure.
  2708 | D:10     | Acquired Makhleb's second power
  2832 | D:10     | Reached XP level 9. HP: 35/63 MP: 11/13
  2886 | D:10     | Noticed a hill giant
  2930 | D:9      | Reached skill level 7 in Fighting
  3129 | D:9      | Found a staircase to the Orcish Mines.
  3156 | D:9      | Noticed a hungry ghost
  3179 | D:9      | Acquired Makhleb's third power
  3279 | D:8      | Noticed a hippogriff
  3302 | D:8      | Killed a hippogriff
  3461 | D:8      | Noticed Blork the orc
  3482 | D:8      | Killed Blork the orc
  3482 | D:8      | Reached skill level 5 in Armour
  3569 | D:7      | Killed a slave
  3577 | D:7      | Noticed Pikel
  3588 | D:7      | Killed a slave
  3604 | D:7      | Killed a sky beast
  3611 | D:7      | Noticed a slave
  3613 | D:7      | Killed Pikel
  3613 | D:7      | Reached skill level 5 in Evocations
  3613 | D:7      | Reached XP level 10. HP: 49/71 MP: 16/18
  3828 | D:6      | Acquired Makhleb's fourth power
  3874 | D:6      | Noticed a sky beast
  3934 | D:6      | Killed a sky beast
  3942 | D:6      | Killed an orc warrior
  3997 | D:6      | Noticed an orc warrior
  4024 | D:6      | Killed an orc warrior
  4227 | D:4      | Noticed Crazy Yiuf
  4235 | D:4      | Killed Crazy Yiuf
  4358 | D:5      | Noticed sohrabkorkchi's ghost (average HuGl)
  4387 | D:5      | Killed sohrabkorkchi's ghost
  4387 | D:5      | Reached skill level 8 in Dodging
  4467 | D:6      | Noticed a centaur
  4481 | D:6      | Killed a centaur
  4481 | D:6      | Reached skill level 1 in Staves
  4759 | D:7      | Noticed an ice beast
  4778 | D:7      | Killed an ice beast
  4821 | D:7      | Noticed a hungry ghost
  4828 | D:7      | Killed a hungry ghost
  4828 | D:7      | Acquired Makhleb's fifth power
  4856 | D:7      | Noticed a freed slave
  4869 | D:7      | Found a shimmering altar of Xom.
  4870 | D:7      | Found a bloodstained altar of Trog.
  5012 | D:9      | Killed a hungry ghost
  5012 | D:9      | Reached skill level 5 in Invocations
  5032 | D:9      | HP: 3/108 [orc priest/divine providence (11)]
  5033 | D:9      | Slain by an orc warrior

Action                   |  1- 3 |  4- 6 |  7- 9 | 10-12 || total
-------------------------+-------+-------+-------+-------++-------
Melee: Whip              |    39 |   132 |   408 |   146 ||   725
       Quarterstaff      |       |       |       |   151 ||   151
 Fire: Crossbow          |    45 |    29 |   135 |     8 ||   217
Evoke: Wand              |     1 |     3 |     8 |     3 ||    15
  Use: Scroll            |     1 |       |    10 |     2 ||    13
       Potion            |       |       |     2 |       ||     2
